 Dungeon Crawl Stone Soup version 0.21.1-1-g345015f (webtiles) character file.

400 theblackcape the Scratcher (level 6, -5/28 HPs)
             Began as a Felid Monk on July 7, 2018.
             Was a Believer of Cheibriados.
             Killed from afar by an orc wizard (6 damage)
             ... with a magic dart
             ... on level 4 of the Dungeon.
             The game lasted 00:12:38 (4520 turns).

theblackcape the Scratcher (Felid Monk)             Turns: 4520, Time: 00:12:38

Health: -5/28      AC:  2    Str: 11    XL:     6   Next: 54%
Magic:  4/7        EV: 22    Int: 16    God:    Cheibriados [**....]
Gold:   135        SH:  0    Dex: 24    Spells: 5/5 levels left
                                        Lives:  0   Deaths: 1

rFire    . . .     SeeInvis +     - Unarmed
rCold    . . .     Gourm    .   (shield unavailable)
rNeg     . . .     Faith    .   (armour unavailable)
rPois    .         Spirit   .   (helmet unavailable)
rElec    .         Reflect  .   (cloak unavailable)
rCorr    .         Harm     .   (gloves unavailable)
MR       .....                  (boots unavailable)
Stlth    +++++.....             g - amulet of magic regeneration
HPRegen  0.09/turn              b - ring of stealth (curse)
MPRegen  0.35/turn              (no ring)

@: slow
A: very small, no armour, no weapons or thrown items, stealth, claws 1, fangs 3,
see invisible, carnivore, speed 1, shaggy fur 2, slow metabolism 1, sharp paws
a: Bend Time, Renounce Religion


You were on level 4 of the Dungeon.
You worshipped Cheibriados.
Cheibriados was pleased with you.
You were completely stuffed.

You visited 2 branches of the dungeon, and saw 5 of its levels.

You collected 135 gold pieces.

Inventory:

Jewellery
 b - a cursed ring of stealth (left paw)
 g - an amulet of magic regeneration (around neck)
Wands
 n - a wand of iceblast (10)
Scrolls
 d - 2 scrolls of amnesia
 i - 2 scrolls of teleportation
 j - a scroll of blinking {unknown}
 m - 3 scrolls of identify {unknown}
 q - a scroll of noise {unknown}
Potions
 c - a potion of agility {unknown}
 e - a potion of lignification {unknown}
 f - a potion of berserk rage {unknown}
 h - 2 potions of heal wounds {unknown}
 k - a potion of haste {unknown}
 l - 2 potions of curing
 o - a potion of ambrosia {unknown}
 p - 2 potions of invisibility {unknown}
Books
 r - a book of Callings

   Spells                             Type                      Level
   a - Summon Small Mammal            Summoning                    1
   b - Call Imp                       Summoning                    2
   c - Call Canine Familiar           Summoning                    3
   d - Summon Guardian Golem          Hexes/Summoning              3
   e - Summon Lightning Spire         Summoning/Air                4
   f - Summon Ice Beast               Ice/Summoning                4
Comestibles
 a - 7 rations
 s - 3 chunks of flesh


   Skills:
 + Level 3.6 Fighting
 + Level 5.5 Dodging
 + Level 5.7 Stealth
 + Level 5.8 Unarmed Combat


You had 5 spell levels left.
You didn't know any spells.

Dungeon Overview and Level Annotations

Branches:
Dungeon (4/15)             Temple (1/1) D:4

Altars:
Ashenzari
Cheibriados
Elyvilon
Fedhas
Gozag
Hepliaklqana
Kikubaaqudgha
Nemelex Xobeh
Okawaru
Qazlal
Ru
Sif Muna
Uskayaw
Vehumet
Wu Jian
Yredelemnul
Zin
The Shining One

Shops:
D:3 *

Annotations:
D:4 LairdRich's ghost, novice MiBe


Innate Abilities, Weirdness & Mutations

You cannot wear armour.
You are incapable of wielding weapons or throwing items.
Your paws allow you to move quietly. (Stealth)
You have sharp claws.
You have razor-sharp teeth.
You have supernaturally acute eyesight. (SInv)
You are carnivorous and can eat meat at any time.
You cover ground quickly.
You are covered in thick fur. (AC +2)
You have a slow metabolism.
Your sharp claws are effective at attacking unaware monsters.


Message History

The orc wizard casts a spell at you. The magic dart hits you!
The orc wizard closely misses you. The orc wizard completely misses you.
The orc wizard points at you and mumbles some strange words.
The magic dart hits you!
You are too injured to fight recklessly!
The orc priest shouts!
The orc priest calls down the wrath of Beogh upon you.
Beogh smites you!
* * * LOW HITPOINT WARNING * * *
There is an open door here.
The flow of time bends around you.
Cheibriados rebukes the orc wizard.
The orc wizard seems to slow down.
Cheibriados rebukes the orc wizard.
The orc wizard seems to slow down.
You feel slightly less full. The orc wizard barely misses you.
The orc wizard gestures at you while chanting.
The magic dart hits you!
You die...

##..... ###########
........# ..........#
.......# ..........#
.......# ####..#####.
.......#
...#####.....####....####
...# #.....#..#o...'..#
...# #.....'..@o...# .'
.... ##.#
#.....#..#o...#..#.....
≈#.#
#.....##'#....#..#.....
≈#.# #....##..#....##'#....
≈#.#####....'...#..........
≈#..........#...#........#
≈#........).#...#........#
≈#).......).#...#........#
≈#>.........#...#....##'##


You could see an orc priest and 2 orc wizards.

Vanquished Creatures
  An ogre (D:4)
  2 hounds (D:4)
  An orc priest (D:4)
  2 orc wizards
  An iguana (D:4)
  Terence (D:2)
  Robin (D:3)
  7 adders
  2 oozes
  2 worms
  2 dart slugs (D:2)
  3 leopard geckos
  8 orcs
  A ball python (D:3)
  7 giant cockroaches
  11 goblins
  10 hobgoblins
  4 jackals (D:4)
  A quokka (D:2)
  3 bats
  3 frilled lizards (D:3)
  8 kobolds
  12 rats
93 creatures vanquished.

Notes
Turn   | Place    | Note
-------+----------+-------------------------------------------
     0 | D:1      | theblackcape the Felid Monk began the quest for the Orb.
     0 | D:1      | Reached XP level 1. HP: 10/10 MP: 2/2
   485 | D:1      | Reached XP level 2. HP: 10/14 MP: 3/3
  1158 | D:2      | Noticed a hand axe
  1158 | D:2      | Noticed a dagger
  1253 | D:2      | Noticed Terence
  1258 | D:2      | Killed Terence
  1258 | D:2      | Reached XP level 3. HP: 16/17 MP: 4/4
  1391 | D:2      | Found a sacrificial altar of Ru.
  1391 | D:2      | Found a basalt altar of Yredelemnul.
  1518 | D:2      | Reached XP level 4. HP: 21/21 MP: 5/5
  1589 | D:2      | Found a hide-covered altar of Uskayaw.
  1662 | D:2      | Found an opulent altar of Gozag.
  1691 | D:2      | Found a white marble altar of Elyvilon.
  2267 | D:3      | Shot with a stone by a goblin
  2268 | D:3      | Reached XP level 3. HP: -2/17 MP: 4/4
  2384 | D:3      | Noticed Robin
  2401 | D:3      | Killed Robin
  2401 | D:3      | Reached XP level 4. HP: 13/21 MP: 5/5
  2975 | D:3      | Reached skill level 5 in Dodging
  3201 | D:3      | Found a glowing golden altar of the Shining One.
  3367 | D:3      | Found Zin's Purification Station.
  3368 | D:3      | Reached XP level 5. HP: 23/24 MP: 6/6
  3371 | D:3      | Found a glowing silver altar of Zin.
  3469 | D:3      | Found a deep blue altar of Sif Muna.
  3897 | D:4      | Reached skill level 5 in Unarmed Combat
  4011 | D:4      | Noticed LairdRich's ghost (novice MiBe)
  4126 | D:4      | Reached skill level 5 in Stealth
  4244 | D:4      | Found a glowing drain.
  4306 | D:4      | Gained mutation: You are covered in thick fur. (AC +2) [Felid growth]
  4306 | D:4      | Reached XP level 6. HP: 23/28 MP: 7/7
  4366 | D:4      | Found a staircase to the Ecumenical Temple.
  4375 | Temple   | Entered the Ecumenical Temple
  4456 | Temple   | Became a worshipper of Cheibriados the Contemplative
  4456 | Temple   | Reached * piety under Cheibriados
  4456 | Temple   | Reached ** piety under Cheibriados
  4519 | D:4      | HP: 1/28 [orc priest/divine providence (13)]
  4520 | D:4      | Killed from afar by an orc wizard

Skill      XL: |  1  2  3  4  5 |
---------------+----------------+-----
Stealth        | 3 4 5 |  5.7
Unarmed Combat | 4 5 |  5.8
Dodging        | 5 |  5.5
Fighting       | |  3.6

Action                   |  1- 3 |  4- 6 || total
-------------------------+-------+-------++-------
Melee: Unarmed           |    86 |   198 ||   284
       Bite              |     9 |    21 ||    30
       Punch             |     1 |     3 ||     4
Invok: Bend Time         |       |     1 ||     1
  Use: Scroll            |     3 |     1 ||     4
       Potion            |     1 |       ||     1
 Stab: Sleeping          |    16 |    16 ||    32
       Distracted        |     1 |     2 ||     3
  Eat: Chunk             |    14 |     6 ||    20
Armor: Skin              |     1 |     3 ||     4
Dodge: Dodged            |    53 |   149 ||   202
